 Dungeon Crawl Stone Soup version 0.29-a0-284-gf9362112df (webtiles) character file.

Game seed: 9745814155161859050

224 spaghetti the Grave Robber (level 5, -14/36 HPs)
             Began as a Demonspawn Necromancer on Mar 22, 2022.
             Demolished by Menkaure (22 damage)
             ... on level 4 of the Dungeon.
             The game lasted 00:08:33 (3663 turns).

spaghetti the Grave Robber (Demonspawn Necromancer) Turns: 3663, Time: 00:08:34

Health: -14/36     AC:  6    Str: 14    XL:     5   Next: 67%
Magic:  19/19      EV: 15    Int: 13    God:
Gold:   8          SH:  0    Dex: 15    Spells: 8/11 levels left

rFire   . . .      SeeInvis .   k - +0 lajatang (vamp) {staff}
rCold   . . .      Faith    .   (shield currently unavailable)
rNeg    . . .      Spirit   .   q - +3 leather armour of Ignis {Harm rCorr Str+6 Dex-4}
rPois   .          Reflect  .   (helmet restricted)
rElec   .          Harm     +   (no cloak)
rCorr   +          Rampage  .   (no gloves)
Will    .....                   (no boots)
Stlth   ++........              (no amulet)
HPRegen 0.12/turn               c - ring of magical power
MPRegen 0.32/turn               j - ring "Jubita" {EV+4 Int-5 Dex+5}

@: invisible
A: antennae 1, foul stench 1, magic regeneration
a: no special abilities


You were on level 4 of the Dungeon.
You visited 1 branch of the dungeon, and saw 4 of its levels.

You collected 155 gold pieces.
You spent 147 gold pieces at shops.


Innate Abilities, Weirdness & Mutations

You have a pair of small antennae on your head.
You may rarely emit foul miasma when damaged in melee.
You regenerate magic rapidly.


   Skills:
 - Level 0.8 Fighting
 + Level 2.1 Staves
 - Level 1.7 Dodging
 - Level 1.7 Stealth
 - Level 3.5 Spellcasting
 - Level 4.3 Necromancy
 * Level 3.0 Transmutations


You had 8 spell levels left.
You knew the following spells:

 Your Spells              Type           Power      Damage    Failure   Level
a - Pain                  Necr           52%        1d6       4%          1
b - Wereblood             Tmut           10%        N/A       12%         2

Your spell library contained the following spells:

 Spells                   Type           Power      Damage    Failure   Level
 Animate Skeleton         Necr           26%        N/A       4%          1
 Beastly Appendage        Tmut           20%        N/A       8%          1
 Vampiric Draining        Necr           13%        2d6       14%         3
 Corpse Rot               Necr/Air       16%        N/A       17%         2
 Poisonous Vapours        Pois/Air       4%         N/A       38%         2
 Spider Form              Tmut/Pois      6%         N/A       41%         3
 Animate Dead             Necr           6%         N/A       41%         4
 Agony                    Necr           13%        N/A       77%         5

Inventory:

Hand Weapons
 k - a +0 vampiric lajatang (weapon) {staff}
   (You found it on level 2 of the Dungeon)
Missiles
 l - 47 stones {throwing}
Armour
 a - a +0 robe
 q - the +3 leather armour of Ignis (worn) {Harm rCorr Str+6 Dex-4}
   (You bought it in a shop on level 2 of the Dungeon)

   Str:       It affects your strength (+6).
   Dex:       It affects your dexterity (-4).
   rCorr:     It protects you from acid and corrosion.
   Harm:      It increases damage dealt and taken.
Magical Staves
 f - a staff of earth {!astaff}
   (You found it on level 1 of the Dungeon)
Jewellery
 c - a ring of magical power (left hand)
   (You found it on level 3 of the Dungeon)
 h - a ring of protection from fire
   (You found it on level 1 of the Dungeon)
 j - the ring "Jubita" (right hand) {EV+4 Int-5 Dex+5}
   (You found it on level 3 of the Dungeon)

   [ring of evasion]

   EV:        It affects your evasion (+4).
   Int:       It affects your intelligence (-5).
   Dex:       It affects your dexterity (+5).
Scrolls
 d - a scroll of identify {@r1}
 e - a scroll of magic mapping {!r}
 i - a scroll of vulnerability {!r!r}
 p - a scroll of teleportation {@r4}
Potions
 g - a potion of attraction {!q}
 m - a potion of degeneration {unknown}
 n - a potion of haste {unknown}
 o - 2 potions of flight {unknown}

Dungeon Overview and Level Annotations

Branches:
Dungeon (4/15)
 Temple: D:4-7

Altars:
Elyvilon
Okawaru

Shops:
D:2 [   D:3 (   D:4 [

Annotations:
D:4 Menkaure

##..............
..........##..#
.......#####..#
..............####
.............∩...#
...........##....#
...........##..### # #
.....#...$.....###.#....
..####..#......†@M......
#. #..#...............
....................
.........##..........
...###.###..##......!.
..# #. #. ##....... ##
....... .......


You could see Menkaure.


Message History

No target in view!
You now have enough gold to buy a distressingly furry leather armour on D:2.
You can access your shopping list by pressing '$'.
You now have 155 gold pieces (gained 11). 😎 MP[+1]
Your mp is fully restored (19).
You see here a hobgoblin corpse.
Key pressed, stopping explore.
Done exploring.
There is a stone staircase leading up here.
You climb upwards.
There is a stone staircase leading down here.
There is an entrance to Poclag's Antique Armour Boutique here.
Unknown command.
Okay, then.
Okay, then.
q - the +3 leather armour of Ignis {Harm rCorr Str+6 Dex-4} Thank you for shopping at Poclag's Antique Armour Boutique!
Okay, then.
You start removing your armour.
You continue taking off your +0 robe. x4
You finish taking off your +0 robe.
You start putting on your armour.
You continue putting on the +3 leather armour of Ignis {Harm rCorr Str+6 Dex-4}. x5
You finish putting on the +3 leather armour of Ignis {Harm rCorr Str+6 Dex-4}.
You feel stronger.
You feel clumsy.
Unknown command.
(D) Dungeon
Where to? (Enter - D:2 @ (x,y), ? - help)
There is a stone staircase leading down here.
You climb downwards.
There is a stone staircase leading up here.
Done exploring.
Done exploring.
Done exploring.
(D) Dungeon
Where to? (Enter - D:3, ? - help)
You see here an adder skeleton.
There is a stone staircase leading down here.
You climb downwards.
The ball python hisses angrily.
There is a stone staircase leading up here.
A ball python is nearby!
Unknown command.
Casting: Pain (safe; 4% risk of failure)
Confirm with . or Enter, or press ? or * to list all spells.
Your blood is infused with primal strength. 😎 MP[-2]
You lost 2 mp, and now have 17/19 mp.
The ball python misses you.
The ball python barely misses you. 😎 MP[+1]
You completely miss the ball python. The ball python barely misses you.
The ball python closely misses you.
You slash the ball python!
You kill the ball python!
Found Usoolal's Armour Shoppe. 😎 MP[+1]
Your mp is fully restored (19).
An adder comes into view.
There is an entrance to Usoolal's Armour Shoppe here.
You can access your shopping list by pressing '$'.
A hobgoblin comes into view.
The adder hisses angrily.
The adder bites you but does no damage.
You barely miss the adder.
Your primal bloodlust is almost over.
The adder misses you.
The hobgoblin shouts!
You slash the adder!
You kill the adder!
You howl as the wereblood boils in your veins!
Menkaure, Prince of Dust comes into view.
Your Transmutations skill increases to level 3!
You closely miss the hobgoblin. The hobgoblin closely misses you.
Menkaure shouts!
You hit the hobgoblin. The hobgoblin misses you.
You slash the hobgoblin!
You kill the hobgoblin!
Your primal bloodlust has ended.
Menkaure gestures at you while chanting.
Pain shoots through your body! 😮 HP[-14]
You take 14 damage, and now have 22/36 hp.
MASSIVE DAMAGE!! (PAUSE) It was a potion of invisibility.
You fade into invisibility! 😮 HP[+1]
You see here an adder corpse.
Menkaure misses you.
You slash Menkaure! Menkaure closely misses you.
You slash Menkaure!
Menkaure gestures at you while chanting.
Pain shoots through your body!
* * * LOW HITPOINT WARNING * * *
😱 HP[-15]
You take 15 damage, and now have 8/36 hp.
MASSIVE DAMAGE!! (PAUSE)
You barely miss Menkaure. Menkaure hits you!!
Ouch! That really hurt!
You die...

Skill      XL: |  1  2  3  4  5 |
---------------+----------------+-----
Spellcasting   | 3 |  3.5
Staves         | 1 2 |  2.1
Transmutations | 1 2 3 |  3.0
Fighting       | |  0.8
Dodging        | |  1.7
Stealth        | |  1.7
Necromancy     | |  4.3

Action                   |  1- 3 |  4- 6 || total
-------------------------+-------+-------++-------
Melee: Unarmed           |    21 |       ||    21
       Dagger            |    47 |       ||    47
       Lajatang          |    43 |    82 ||   125
 Cast: Pain              |    13 |     9 ||    22
       Wereblood         |     1 |     7 ||     8
  Use: Potion            |     1 |     3 ||     4
       Scroll            |     7 |       ||     7
 Stab: Sleeping          |     3 |     2 ||     5
Armor: Robe              |    25 |     9 ||    34
       Leather armour    |       |     1 ||     1
Dodge: Dodged            |    83 |    91 ||   174

Levels and vault maps discovered:
D:1:      arrival_aquarium_b, layout_rooms
D:2:      layout_loops_corners, basic_altar, serial_shops, shop_statue
D:3:      kb_forest_paths, layout_basic, lemuel_crystal_altar,
          shapermc_ecumenical_altar_flowoftime, serial_shops,
          nicolae_shop_bloodbath_and_beyond, minmay_strange_pillars,
          chequers_serial_rivers_small_a
D:4:      layout_layer_cave, ebering_ghost_rock_garden, serial_shops,
          nicolae_square_shop, nicolae_shop_crystal, shop, shop,
          kennysheep_cluttered_room, st_stairs_5, uniq_crazy_yiuf_cottage,
          uniq_menkaure, uniq_edmund

Notes
Turn   | Place    | Note
-------+----------+-------------------------------------------
     0 | D:1      | spaghetti the Demonspawn Necromancer began the quest for
                  | the Orb.
     0 | D:1      | Reached XP level 1. HP: 13/13 MP: 3/3
     0 | D:1      | magus.rc [v1.9.6]
     3 | D:1      | Noticed an electric eel
     4 | D:1      | Noticed an electric eel
    53 | D:1      | HP: 2/13 [goblin/+0 dagger (2)]
   546 | D:1      | Gained mutation: You have a pair of small antennae on your
                  | head. [demonic ancestry]
   546 | D:1      | Reached XP level 2. HP: 18/19 MP: 3/5
   582 | D:1      | Reached skill level 3 in Spellcasting
  1081 | D:1      | You pick up a book of Vapours and begin reading...
  1081 | D:1      | You add the spells Poisonous Vapours and Corpse Rot to your
                  | library.
  1089 | D:1      | You fall into a shaft and drop 1 floor!
  1102 | D:2      | Gained mutation: You regenerate magic rapidly. [demonic
                  | ancestry]
  1102 | D:2      | Reached XP level 3. HP: 20/24 MP: 7/7
  1390 | D:2      | Found Poclag's Antique Armour Boutique.
  1460 | D:2      | You pick up a book of Changes and begin reading...
  1460 | D:2      | You add the spells Beastly Appendage, Wereblood and Spider
                  | Form to your library.
  1537 | D:2      | Found an iron altar of Okawaru.
  2078 | D:2      | HP: 4/25 [kobold/+0 whip (5)]
  2374 | D:3      | Learned a level 2 spell: Wereblood
  2397 | D:3      | Reached skill level 1 in Staves
  2397 | D:3      | Reached skill level 1 in Transmutations
  2397 | D:3      | Gained mutation: You may rarely emit foul miasma when
                  | damaged in melee. [demonic ancestry]
  2397 | D:3      | Reached XP level 4. HP: 29/31 MP: 9/9
  2506 | D:3      | Found Yluill's Weapon Shoppe.
  2592 | D:3      | Identified the ring "Jubita" {EV+4 Int-5 Dex+5}
  2625 | D:3      | HP: 4/31 [orc/+0 hand axe (4)]
  2863 | D:3      | Found a faded altar of an unknown god.
  3089 | D:3      | Reached skill level 2 in Transmutations
  3106 | D:3      | Noticed a necrophage
  3115 | D:3      | Killed a necrophage
  3116 | D:3      | Reached XP level 5. HP: 36/36 MP: 8/10
  3189 | D:3      | Reached skill level 2 in Staves
  3585 | D:2      | Bought a distressingly furry leather armour for 147 gold
                  | pieces
  3585 | D:2      | Identified the +3 leather armour of Ignis {Harm rCorr Str+6
                  | Dex-4} (You bought it in a shop on level 2 of the Dungeon)
  3641 | D:4      | Found Usoolal's Armour Shoppe.
  3654 | D:4      | Noticed Menkaure
  3655 | D:4      | Reached skill level 3 in Transmutations
  3662 | D:4      | HP: 8/36 [Menkaure/nerve-wracking pain (15)]
  3663 | D:4      | Demolished by Menkaure

Vanquished Creatures
  A necrophage (D:3)
  An orc priest (D:3)
  5 adders
  2 worms
  A dart slug (D:1)
  10 orcs (D:3)
  8 ball pythons
  6 bats
  3 endoplasms
  3 giant cockroaches
  6 goblins
  5 hobgoblins
  2 jackals (D:1)
  6 quokkas
  3 frilled lizards
  3 kobolds
  3 rats
68 creatures vanquished.

Vanquished Creatures (others)
  11 plants (D:3)
  10 withered plants (D:3)
21 creatures vanquished.

Grand Total: 89 creatures vanquished

Table legend:
 A = Non-vault XP
 B = Vault XP
 C = Vault XP percentage of total XP
 D = Non-vault monster count
 E = Vault monster count
 F = Vault count percentage of total count
                 A         B        C        D         E       F
            +---------+---------+-------+---------+---------+-------
      Total |     200 |     120 |  37.5 |      62 |       6 |   8.8
            +---------+---------+-------+---------+---------+-------
        D:1 |      37 |       0 |   0.0 |      20 |       0 |   0.0
        D:2 |      36 |       0 |   0.0 |      13 |       0 |   0.0
        D:3 |     111 |     120 |  51.9 |      26 |       6 |  18.8
        D:4 |      16 |       0 |   0.0 |       3 |       0 |   0.0
            +---------+---------+-------+---------+---------+-------

Illustrated notes

Table legend:
 A = Kills in this place as a percentage of kills in entire the game.
 B = Kills by you in this place as a percentage of kills by you in the entire game.
 C = Kills by friends in this place as a percentage of kills by friends in the entire game.
 D = Other kills in this place as a percentage of other kills in the entire game.
 E = Experience gained in this place as a percentage of experience gained in the entire game.
 F = Experience gained in this place divided by the number of levels of this place that you have seen.
                   A       B       C       D       E      F
               +-------+-------+-------+-------+-------+----------------------
         Total | 100.0 | 100.0 |   N/A |   N/A | 100.0 |  80.0
       Dungeon | 100.0 | 100.0 |   N/A |   N/A | 100.0 |  80.0
               +-------+-------+-------+-------+-------+----------------------

Table legend: (Time is in decaauts)
 A = Elapsed time spent in this place.
 B = Non-inter-level travel time spent in this place.
 C = Inter-level travel time spent in this place.
 D = Time resting spent in this place.
 E = Time spent auto-exploring this place.
 F = Levels seen in this place.
 G = Mean time per level.
                   A        B        C        D        E       F      G
               +--------+--------+--------+--------+--------+-----+--------+
         Total |   3714 |   3641 |     73 |   1043 |   2002 |   4 |  928.5 |
       Dungeon |   3714 |   3641 |     73 |   1043 |   2002 |   4 |  928.5 |
               +--------+--------+--------+--------+--------+-----+--------+

Top non-repeatable levels by time:
     D:2: 1299 daAuts
     D:3: 1294 daAuts
     D:1: 1087 daAuts
     D:4: 33 daAuts
